[Event "ICC tourney 2601 (40 5)"]
[Site "Internet Chess Club"]
[Date "2021.06.13"]
[Round "4"]
[White "SU, WINTER:K01-30067922"]
[Black "KASHYAP, MANISHB:K01-16792955"]
[Result "1-0"]
[ICCResult "Black checkmated"]
[WhiteElo "912"]
[BlackElo "1057"]
[Opening "Sicilian: Alapin's variation (2.c3)"]
[ECO "B22"]
[NIC "SI.46"]
[Time "11:00:31"]
[PlyCount "111"]
[TimeControl "2400+5"]

1. e4 c5 2. c3 d5 3. exd5 Qxd5 4. d4 cxd4 5. cxd4 Nc6 6. Nf3 Nf6 7. Nc3 Qd8
8. d5 Nb8 9. Bc4 Bf5 10. O-O g6 11. d6 Qxd6 12. Qb3 e6 13. Qxb7 Qd8 14.
Qxa8 Nbd7 15. Qxd8+ Kxd8 16. Bg5 Be7 17. Rad1 h6 18. Bxf6 Bxf6 19. Bb5 e5
20. Bxd7 Bxd7 21. Nd5 Bg7 22. Rfe1 Re8 23. Rc1 e4 24. Nd2 Re5 25. Nc7 f5
26. Nc4 Rc5 27. Na6 Rc8 28. Nd6 Rxc1 29. Rxc1 Ke7 30. Nc4 Bb5 31. Nc7 Bxc4
32. Rxc4 Bxb2 33. Ra4 Kd6 34. Rxa7 f4 35. a4 Kc6 36. Ne6 Kb6 37. Ra8 g5 38.
a5+ Kb7 39. Rf8 Ka6 40. Rf5 e3 41. Kf1 Bc3 42. Nc7+ Kb7 43. a6+ Kb8 44.
Rb5+ Kxc7 45. a7 f3 46. fxe3 fxg2+ 47. Kxg2 Kc6 48. Rb3 Kc7 49. a8=Q Be5
50. Rb7+ Kd6 51. Rb6+ Kd7 52. Qc6+ Ke7 53. Qe6+ Kf8 54. Qxe5 h5 55. Rb7 g4
56. Qh8# { Black checkmated } 1-0

[Event "ICC tourney 2601 (40 5)"]
[Site "Internet Chess Club"]
[Date "2021.06.13"]
[Round "4"]
[White "CHETLAPALLI, VISHNU:K01-30144870"]
[Black "INDUKURI, SUHAS:K01-16887781"]
[Result "0-1"]
[ICCResult "White resigns"]
[WhiteElo "1069"]
[BlackElo "836"]
[Opening "French: Steinitz variation"]
[ECO "C11"]
[NIC "QP.07"]
[Time "11:00:30"]
[PlyCount "116"]
[TimeControl "2400+5"]

1. d4 Nf6 2. Nc3 e6 3. e4 d5 4. e5 Nfd7 5. g3 Nc6 6. Bg2 Bb4 7. Bd2 O-O 8.
Nge2 Nb6 9. b3 f6 10. a3 Be7 11. f4 fxe5 12. dxe5 Bd7 13. Be3 Be8 14. Bf3
Bg6 15. O-O Qd7 16. Qd2 Rad8 17. Rad1 Bxa3 18. Nb5 Be7 19. Nbd4 Nxd4 20.
Nxd4 c5 21. Ne2 d4 22. Bf2 Nd5 23. c4 Nb4 24. Ra1 a6 25. Rfd1 Bc2 26. Rdc1
Bxb3 27. Be4 Ba4 28. g4 Bc6 29. Bxc6 Qxc6 30. h4 Qf3 31. g5 d3 32. Ng3 Qxf4
33. Qxf4 Rxf4 34. h5 Bxg5 35. Kg2 Nc2 36. Rab1 Rxc4 37. Rd1 Ne3+ 38. Bxe3
Bxe3 39. Rxb7 Rc1 40. Rb1 d2 41. Kf3 Rxb1 42. Rxb1 d1=Q+ 43. Rxd1 Rxd1 44.
Kxe3 a5 45. Ne4 Re1+ 46. Kd3 Rxe4 47. Kxe4 a4 48. Kd3 a3 49. Kc3 c4 50. Kc2
g6 51. hxg6 hxg6 52. Kb1 g5 53. Ka2 g4 54. Kxa3 g3 55. Kb2 g2 56. Kc2 g1=Q
57. Kc3 Qe3+ 58. Kxc4 Qxe5 { White resigns } 0-1

[Event "ICC tourney 2601 (40 5)"]
[Site "Internet Chess Club"]
[Date "2021.06.13"]
[Round "5"]
[White "MARTIN, CHARLOTTE LI:K01-30136112"]
[Black "HAO, RYAN:K01-17217725"]
[Result "1-0"]
[ICCResult "Black checkmated"]
[WhiteElo "631"]
[BlackElo "135"]
[Opening "Scotch gambit: Dubois-Réti defense"]
[ECO "C55"]
[NIC "KP.02"]
[Time "14:01:12"]
[PlyCount "41"]
[TimeControl "2400+5"]

1. e4 e5 2. Nf3 Nc6 3. d4 exd4 4. Bc4 Nf6 5. c3 dxc3 6. Nxc3 Bc5 7. Bg5 O-O
8. O-O d6 9. h3 h6 10. Bh4 Be6 11. Bd5 Re8 12. Re1 Ne7 13. Bxb7 Rb8 14. Ba6
Rxb2 15. Bb5 Bd7 16. Bd3 Rb8 17. e5 dxe5 18. Nxe5 Bd4 19. Qc2 Nc8 20. Bh7+
Kh8 21. Nxf7# { Black checkmated } 1-0

[Event "ICC tourney 2601 (40 5)"]
[Site "Internet Chess Club"]
[Date "2021.06.13"]
[Round "5"]
[White "PATEL, RAZA MIKAL:K01-17166561"]
[Black "DANCIG PERLMAN, GOGO:K01-17151222"]
[Result "1-0"]
[ICCResult "Black checkmated"]
[WhiteElo "595"]
[BlackElo "875"]
[Opening "Scandinavian defense"]
[ECO "B01"]
[NIC "SD.03"]
[Time "14:00:25"]
[PlyCount "33"]
[TimeControl "2400+5"]

1. e4 d5 2. exd5 Nf6 3. Nc3 Nxd5 4. Nxd5 Qxd5 5. Nf3 Bg4 6. Be2 Nc6 7. d4
O-O-O 8. O-O Nxd4 9. Nxd4 Bxe2 10. Qxe2 Qxd4 11. c3 Qb6 12. Be3 Qe6 13.
Rfd1 Rxd1+ 14. Rxd1 Qxa2 15. Qd3 b6 16. Qe4 Qa1 17. Qa8# { Black checkmated
} 1-0

[Event "ICC tourney 2601 (40 5)"]
[Site "Internet Chess Club"]
[Date "2021.06.13"]
[Round "5"]
[White "LIN, CARL:K01-17110834"]
[Black "JEHIN, RISHIN:K01-30043660"]
[Result "1-0"]
[ICCResult "Black checkmated"]
[WhiteElo "313"]
[BlackElo "786"]
[Opening "Giuoco Piano"]
[ECO "C54"]
[NIC "IG.02"]
[Time "14:00:26"]
[PlyCount "147"]
[TimeControl "2400+5"]

1. e4 e5 2. Nf3 Nc6 3. Bc4 Bc5 4. c3 Nf6 5. d4 exd4 6. cxd4 Bb4+ 7. Bd2
Nxe4 8. Bxb4 Nxb4 9. Bxf7+ Kxf7 10. Qb3+ d5 11. Qxb4 Ke6 12. O-O Qf8 13.
Qxf8 Rxf8 14. Re1 Kd6 15. Nc3 b6 16. Nxe4+ dxe4 17. Rxe4 Bb7 18. Re3 Bxf3
19. Rxf3 Rxf3 20. gxf3 Kd5 21. Kf1 Kxd4 22. Rd1+ Ke5 23. Ke2 Kf4 24. Rd7
Re8+ 25. Kf1 Kxf3 26. Rxg7 Rd8 27. Rf7+ Kg4 28. Rxc7 Rd2 29. Rxh7 Rxb2 30.
Rxa7 Kf3 31. Rf7+ Ke4 32. f3+ Ke3 33. Re7+ Kxf3 34. Rf7+ Kg4 35. Rg7+ Kh5
36. Rg2 Rb1+ 37. Kf2 Ra1 38. Kg3 Kh6 39. Rb2 Rg1+ 40. Kf2 Rg6 41. h4 Kh5
42. Rb4 Rd6 43. Ke3 Re6+ 44. Re4 Rc6 45. Kd3 Rg6 46. Kd4 Rg2 47. a4 Ra2 48.
Kd5 Rc2 49. Rc4 Rd2+ 50. Kc6 Rd8 51. Kxb6 Rb8+ 52. Kc7 Rh8 53. a5 Rh7+ 54.
Kb6 Rh6+ 55. Rc6 Rh8 56. a6 Kxh4 57. a7 Kg5 58. Kb7 Rh7+ 59. Rc7 Rh8 60.
Rc8 Rh7+ 61. Kb8 Rh1 62. a8=Q Rb1+ 63. Kc7 Rc1+ 64. Kd8 Rd1+ 65. Ke8 Re1+
66. Kf8 Rf1+ 67. Kg8 Rg1 68. Qa6 Kf5+ 69. Kf8 Rh1 70. Rc5+ Kg4 71. Qa4+ Kh3
72. Rc3+ Kh2 73. Qa2+ Kg1 74. Rc1# { Black checkmated } 1-0

[Event "ICC tourney 2601 (40 5)"]
[Site "Internet Chess Club"]
[Date "2021.06.13"]
[Round "5"]
[White "CHANG, ANDREW:K01-30098602"]
[Black "YU, YANG:K01-30094337"]
[Result "0-1"]
[ICCResult "White checkmated"]
[WhiteElo "774"]
[BlackElo "981"]
[Opening "Sicilian: Najdorf, Lipnitzky attack"]
[ECO "B90"]
[NIC "SI.13"]
[Time "14:00:27"]
[PlyCount "80"]
[TimeControl "2400+5"]

1. e4 c5 2. Nf3 d6 3. d4 cxd4 4. Nxd4 Nf6 5. Nc3 a6 6. Bc4 e5 7. Nf3 Nc6 8.
h3 Be6 9. Bxe6 fxe6 10. O-O h6 11. Be3 Be7 12. Qd2 d5 13. exd5 exd5 14. Qe2
d4 15. Rad1 Bc5 16. Na4 Ba7 17. Bd2 b5 18. Nxe5 Nxe5 19. Rfe1 Qe7 20. f4
d3+ 21. Qe3 Bxe3+ 22. Rxe3 dxc2 23. Rde1 bxa4 24. Rxe5 Qxe5 25. Rxe5+ Kf7
26. Re1 Rhe8 27. Rc1 Rac8 28. Kh2 Red8 29. Bc3 a3 30. Rxc2 axb2 31. Rxb2
Rxc3 32. g4 Rdd3 33. Rb7+ Kg6 34. f5+ Kh7 35. h4 Nxg4+ 36. Kg1 Rd2 37. Rb1
Rg3+ 38. Kf1 Nh2+ 39. Ke1 Nf3+ 40. Kf1 Rg1# { White checkmated } 0-1

[Event "ICC tourney 2601 (40 5)"]
[Site "Internet Chess Club"]
[Date "2021.06.13"]
[Round "5"]
[White "WENG, JOHNSON:K01-30136161"]
[Black "YANG, LUCAS:K01-16740405"]
[Result "1-0"]
[ICCResult "Black checkmated"]
[WhiteElo "736"]
[BlackElo "1049"]
[Opening "Two knights defense"]
[ECO "C59"]
[NIC "KP.01"]
[Time "14:00:34"]
[PlyCount "47"]
[TimeControl "2400+5"]

1. e4 e5 2. Nf3 Nc6 3. Bc4 Nf6 4. Ng5 d5 5. exd5 Na5 6. Bb5+ c6 7. dxc6
bxc6 8. Be2 h6 9. Nf3 e4 10. Ne5 Bc5 11. O-O O-O 12. Nc4 Nxc4 13. Bxc4 Ng4
14. Qe2 Nxf2 15. Rxf2 Qb6 16. Nc3 Bg4 17. Qxg4 Bxf2+ 18. Kf1 Bg1 19. Qg3
Bd4 20. Nxe4 Bxb2 21. Rb1 Qd4 22. Bxb2 Qxc4+ 23. d3 Qxa2 24. Qxg7# { Black
checkmated } 1-0

[Event "ICC tourney 2601 (40 5)"]
[Site "Internet Chess Club"]
[Date "2021.06.13"]
[Round "5"]
[White "LOKHOV, MICHAEL VINCE:K01-17191193"]
[Black "MA, JULIAN:K01-30017413"]
[Result "0-1"]
[ICCResult "White checkmated"]
[WhiteElo "395"]
[BlackElo "1236"]
[Opening "Vienna game, Max Lange defense"]
[ECO "C25"]
[NIC "VG.04"]
[Time "14:00:30"]
[PlyCount "130"]
[TimeControl "2400+5"]

1. e4 e5 2. Nc3 Nc6 3. Bc4 Bc5 4. Qg4 g6 5. Nge2 d5 6. Qf3 dxc4 7. O-O Nf6
8. Qg3 h5 9. Qh4 Be7 10. Rd1 Ng4 11. Qg3 Bh4 12. Qf3 Nd4 13. Qh3 Nxf2 14.
Qe3 Nxc2 15. Qc5 Nd3 16. Qxc4 Nxa1 17. Rf1 Be6 18. Qb5+ Qd7 19. Qxb7 Rd8
20. Qxa7 Nc2 21. g3 Bh3 22. Rf3 Qg4 23. Qa4+ Rd7 24. Qa8+ Bd8 25. Rf1 Qxe2
26. Nxe2 Bxf1 27. Kxf1 Nd4 28. Nxd4 exd4 29. b3 Nxc1 30. Ke1 d3 31. Kd1 Ne2
32. e5 O-O 33. Qe4 Re8 34. Qc6 Rde7 35. Qc4 Rd7 36. Qb5 Rde7 37. Qxd3 Rxe5
38. a4 Rc5 39. Qb1 Rc1+ 40. Qxc1 Nxc1 41. Kxc1 c5 42. Kc2 Ba5 43. Kd3 Rd8+
44. Kc4 Bb4 45. Kb5 Rxd2 46. a5 Bxa5 47. Kxa5 Rxh2 48. Kb5 Rb2 49. Kc4 g5
50. Kxc5 Rxb3 51. Kc4 Rxg3 52. Kd4 Rf3 53. Ke4 g4 54. Ke5 h4 55. Ke4 h3 56.
Ke5 h2 57. Ke4 h1=Q 58. Ke5 Qe1+ 59. Kd4 Qe2 60. Kc5 Rc3+ 61. Kd4 Qe3+ 62.
Kd5 Rc5+ 63. Kd6 Qe5+ 64. Kd7 Rc7+ 65. Kd8 Qe7# { White checkmated } 0-1

[Event "ICC tourney 2601 (40 5)"]
[Site "Internet Chess Club"]
[Date "2021.06.13"]
[Round "5"]
[White "LIN, MICHAEL:K01-17281737"]
[Black "SHANGIN, LEV:K01-17117362"]
[Result "0-1"]
[ICCResult "White resigns"]
[WhiteElo "520"]
[BlackElo "1044"]
[Opening "Sicilian: closed"]
[ECO "B24"]
[NIC "SI.44"]
[Time "14:00:36"]
[PlyCount "75"]
[TimeControl "2400+5"]

1. e4 c5 2. Nc3 Nc6 3. g3 g6 4. Bg2 Bg7 5. d3 Nf6 6. f4 d6 7. Nf3 Bg4 8. h3
Bxf3 9. Qxf3 Nd4 10. Qf2 Qc7 11. Be3 Nc6 12. g4 h5 13. g5 Nd7 14. h4 Qa5
15. Qd2 b5 16. a3 b4 17. Nd5 Bxb2 18. Rb1 Bc3 19. Nxc3 bxc3 20. Qc1 O-O 21.
f5 Nde5 22. f6 e6 23. O-O Rab8 24. Ra1 Rb7 25. a4 Rfb8 26. Qa3 Qb4 27. Qxb4
Rxb4 28. Bf4 Nd4 29. Bxe5 dxe5 30. Ra2 Rb2 31. Ra3 Rxc2 32. Raa1 Rcb2 33.
Rfe1 c2 34. Rac1 Rb1 35. Kf2 Rxc1 36. Rxc1 Rb1 37. Rxc2 Nxc2 38. Bf3 {
White resigns } 0-1

[Event "ICC tourney 2601 (40 5)"]
[Site "Internet Chess Club"]
[Date "2021.06.13"]
[Round "5"]
[White "INDUKURI, SUHAS:K01-16887781"]
[Black "MERRIMAN, DANN:K01-17079355"]
[Result "1-0"]
[ICCResult "Black checkmated"]
[WhiteElo "836"]
[BlackElo "728"]
[Opening "two knights defense: Fegatello attack"]
[ECO "C57"]
[NIC "KP.01"]
[Time "14:00:25"]
[PlyCount "123"]
[TimeControl "2400+5"]

1. e4 e5 2. Nf3 Nc6 3. Bc4 Nf6 4. Ng5 d5 5. exd5 Nxd5 6. Nxf7 Kxf7 7. Qf3+
Ke6 8. Nc3 Nb4 9. O-O c6 10. a3 Nxc2 11. Rb1 Nd4 12. Qe4 a5 13. Re1 Qd6 14.
Qxd4 g6 15. Qe4 b5 16. Ba2 b4 17. Nxd5 cxd5 18. d4 a4 19. Qxe5+ Qxe5 20.
Rxe5+ Kf6 21. Bxd5 Ra5 22. Bg5+ Kg7 23. Bf3 Ra6 24. Be7 Bf5 25. Rbe1 bxa3
26. Bxa3 Bxa3 27. bxa3 Rb8 28. Re7+ Kh6 29. Rb7 Rc8 30. Rb2 Re6 31. Ra1 Rc3
32. Kf1 Bd3+ 33. Be2 Bxe2+ 34. Rxe2 Rd6 35. Rd2 Rc4 36. Rad1 Rc3 37. Rd3
Rb3 38. Rxb3 axb3 39. Rb1 Rxd4 40. Rxb3 Rd1+ 41. Ke2 Rh1 42. h3 Rg1 43. g4
Ra1 44. Kd2 Ra2+ 45. Ke3 Kg5 46. f4+ Kh4 47. Kd4 h5 48. g5 Ra1 49. Ke5 Ra2
50. Kf6 Rh2 51. Kxg6 Rxh3 52. Rxh3+ Kg4 53. Rxh5 Kg3 54. f5 Kf2 55. f6 Kg2
56. f7 Kg3 57. f8=Q Kg2 58. Qb4 Kg3 59. Qc4 Kg2 60. Qd3 Kg1 61. Qd2 Kf1 62.
Rh1# { Black checkmated } 1-0

[Event "ICC tourney 2601 (40 5)"]
[Site "Internet Chess Club"]
[Date "2021.06.13"]
[Round "5"]
[White "HANKE, HARVEY:K01-17137475"]
[Black "TENDULKAR, OJAS:K01-16963734"]
[Result "1-0"]
[ICCResult "Black checkmated"]
[WhiteElo "1132"]
[BlackElo "1421"]
[Opening "Sicilian: closed"]
[ECO "B23"]
[NIC "SI.44"]
[Time "14:00:27"]
[PlyCount "79"]
[TimeControl "2400+5"]

1. e4 c5 2. Nc3 d6 3. f4 Nf6 4. Nf3 g6 5. Bc4 Bg7 6. d3 O-O 7. O-O Nc6 8.
h3 Nd4 9. Nxd4 cxd4 10. Ne2 e5 11. Ng3 Nd7 12. f5 a6 13. fxg6 hxg6 14. Bd2
Qh4 15. Qe1 Nb6 16. Bb3 a5 17. Bxa5 Rxa5 18. Qxa5 Qxg3 19. Rf3 Qh4 20. Qxb6
Bh6 21. Qxd6 Be3+ 22. Kh1 Qh5 23. Bxf7+ Rxf7 24. Qd8+ Kg7 25. Rxf7+ Kxf7
26. Qxc8 Bf4 27. Qxb7+ Kg8 28. Qd5+ Kg7 29. Qd7+ Kg8 30. Qe6+ Kg7 31. Qg4
Qxg4 32. hxg4 Kf6 33. a4 Ke6 34. a5 Kd6 35. a6 Kc7 36. a7 g5 37. a8=Q Bh2
38. Kxh2 Kd7 39. Ra7+ Kd6 40. Qd5# { Black checkmated } 1-0

[Event "ICC tourney 2601 (40 5)"]
[Site "Internet Chess Club"]
[Date "2021.06.13"]
[Round "5"]
[White "SMIRNOV, ALEXANDER:K01-30029349"]
[Black "CHETLAPALLI, VISHNU:K01-30144870"]
[Result "1-0"]
[ICCResult "Black resigns"]
[WhiteElo "885"]
[BlackElo "1069"]
[Opening "Ruy Lopez: Berlin defense, 4.O-O, d6"]
[ECO "C66"]
[NIC "RL.07"]
[Time "14:00:28"]
[PlyCount "129"]
[TimeControl "2400+5"]

1. e4 e5 2. Nf3 Nc6 3. Bb5 Nf6 4. O-O d6 5. Bxc6+ bxc6 6. d3 Be6 7. Nc3 Be7
8. Re1 O-O 9. Ne2 c5 10. b3 c6 11. Bb2 Nd7 12. c3 Qb6 13. Rc1 f5 14. exf5
Bxf5 15. Ng3 Bg4 16. h3 Be6 17. d4 cxd4 18. cxd4 Bd5 19. dxe5 Bxf3 20. gxf3
Bh4 21. Qxd6 Bxg3 22. Rf1 Rxf3 23. Bd4 Qd8 24. Qxc6 Qf8 25. Qxd7 Rd8 26.
Qe6+ Kh8 27. Be3 Re8 28. Qg4 Bxe5 29. Bc5 Qf6 30. Rce1 Rf5 31. f4 Bd4+ 32.
Bxd4 Qxd4+ 33. Kh1 Qd5+ 34. Qg2 Rxe1 35. Rxe1 Qxg2+ 36. Kxg2 h6 37. Kg3 Ra5
38. a4 g6 39. Re6 Kg7 40. Re5 Ra6 41. a5 Kf6 42. b4 g5 43. Rc5 gxf4+ 44.
Kxf4 Ke7 45. Ke5 Kd7 46. Kd4 Rg6 47. Kc4 Rg3 48. Rh5 Rg6 49. Kb3 Ke7 50.
Ka4 Kf6 51. Rc5 Rg3 52. Rc6+ Ke5 53. Rxh6 Kd4 54. Rh7 Kc4 55. Rc7+ Kd5 56.
Rxa7 Kc4 57. Rc7+ Kd5 58. a6 Rxh3 59. a7 Rh8 60. Ka5 Ra8 61. Kb6 Kd6 62.
Kb7 Rg8 63. Rc8 Rg7+ 64. Kb8 Rxa7 65. Kxa7 { Black resigns } 1-0

[Event "ICC tourney 2601 (40 5)"]
[Site "Internet Chess Club"]
[Date "2021.06.13"]
[Round "5"]
[White "ZHAO, ERICA:K01-17156172"]
[Black "YE, WANRU:K01-30135407"]
[Result "0-1"]
[ICCResult "White checkmated"]
[WhiteElo "463"]
[BlackElo "684"]
[Opening "Sicilian defense"]
[ECO "B30"]
[NIC "SI.31"]
[Time "14:00:31"]
[PlyCount "80"]
[TimeControl "2400+5"]

1. e4 c5 2. Nf3 Nc6 3. Bc4 e5 4. Nc3 Nf6 5. d3 h6 6. Be3 d6 7. h3 Be6 8.
Bb3 Bxb3 9. axb3 Be7 10. O-O O-O 11. Qd2 Qd7 12. Nd5 Nxd5 13. exd5 Nd4 14.
Nxd4 cxd4 15. Bxh6 gxh6 16. Qxh6 Rfd8 17. Rae1 Bf8 18. Qg5+ Bg7 19. Re4 Kf8
20. Rg4 Bh8 21. Qh6+ Ke7 22. Qh4+ Bf6 23. Qg3 a5 24. Qf3 b5 25. Re1 a4 26.
bxa4 Rxa4 27. Qe4 Ra2 28. Qh7 Rxb2 29. Rxd4 Rxc2 30. f4 Qa7 31. Re4 Rc1+
32. Kh2 Qa1 33. fxe5 dxe5 34. Rb4 Rh1+ 35. Kg3 Rxd5 36. Qf5 Rxd3+ 37. Kg4
Qd1+ 38. Qf3 Rxf3 39. gxf3 Qg1+ 40. Kh5 Qg5# { White checkmated } 0-1

[Event "ICC tourney 2601 (40 5)"]
[Site "Internet Chess Club"]
[Date "2021.06.13"]
[Round "5"]
[White "AYYAPPAN, SANTHOSH:K01-16959235"]
[Black "XU, OWEN:K01-30020820"]
[Result "0-1"]
[ICCResult "White resigns"]
[WhiteElo "1641"]
[BlackElo "1127"]
[Opening "Sicilian: Pelikan, Chelyabinsk variation"]
[ECO "B33"]
[NIC "SI.37"]
[Time "14:00:26"]
[PlyCount "148"]
[TimeControl "2400+5"]

1. e4 c5 2. Nf3 Nc6 3. d4 cxd4 4. Nxd4 Nf6 5. Nc3 e5 6. Ndb5 d6 7. Bg5 a6
8. Na3 b5 9. Nd5 Be7 10. Nxe7 Nxe7 11. Bxf6 gxf6 12. Be2 f5 13. exf5 Bxf5
14. O-O O-O 15. Qd2 Qd7 16. Rad1 Rad8 17. h4 Kh8 18. c3 Rg8 19. Kh2 Ng6 20.
g3 Qc6 21. Rg1 Qe4 22. Bd3 Qxd3 23. Qxd3 Bxd3 24. Rxd3 d5 25. Nc2 e4 26.
Rd4 Ne5 27. Ne1 f5 28. Kh1 Ng4 29. Rg2 e3 30. fxe3 Nxe3 31. Rg1 Ng4 32. Nf3
Nf6 33. Ng5 Rd7 34. Rgd1 h6 35. Nh3 Rxg3 36. R1d3 Rdg7 37. Rxg3 Rxg3 38.
Kh2 Re3 39. Rd2 Ne4 40. Rg2 a5 41. Nf4 Nf6 42. Rg6 Ng4+ 43. Kg2 Re4 44. Kg3
d4 45. cxd4 Rxd4 46. Rb6 Rb4 47. b3 Re4 48. Rxb5 Re3+ 49. Kg2 a4 50. bxa4
Ra3 51. Rb2 Rxa4 52. Ng6+ Kg7 53. Ne7 Kf6 54. Nc6 Ne3+ 55. Kf3 Nd1 56. Rh2
Ra3+ 57. Kf4 Nc3 58. Rd2 Ne4 59. Rb2 Nc5 60. Re2 Ne6+ 61. Rxe6+ Kxe6 62.
Nd4+ Kf6 63. Ne2 Rxa2 64. Kf3 Rxe2 65. Kxe2 Ke5 66. Kf3 f4 67. Kf2 Ke4 68.
Ke2 f3+ 69. Kf2 Kf4 70. Kf1 Kg3 71. Kg1 f2+ 72. Kf1 h5 73. Ke2 Kg2 74. Ke3
f1=Q { White resigns } 0-1

[Event "ICC tourney 2601 (40 5)"]
[Site "Internet Chess Club"]
[Date "2021.06.13"]
[Round "5"]
[White "YUE, TARIQ:K01-30014129"]
[Black "SU, WINTER:K01-30067922"]
[Result "1/2-1/2"]
[ICCResult "Game drawn by mutual agreement"]
[WhiteElo "1470"]
[BlackElo "912"]
[Opening "QGD: classical variation (5.Bf4)"]
[ECO "D37"]
[NIC "QO.04"]
[Time "14:00:26"]
[PlyCount "100"]
[TimeControl "2400+5"]

1. Nf3 d5 2. d4 Nf6 3. c4 e6 4. Nc3 Be7 5. Bf4 O-O 6. e3 b6 7. Bd3 Bb7 8.
O-O c5 9. cxd5 Nxd5 10. Nxd5 exd5 11. Rc1 c4 12. Bb1 Nd7 13. Re1 Bb4 14.
Re2 Ba6 15. Rec2 Rc8 16. a3 Be7 17. Ne5 Nxe5 18. Bxe5 f6 19. Bf4 Bb5 20.
Qh5 Be8 21. Qf3 g5 22. Bg3 Bg6 23. Rc3 Bxb1 24. Rxb1 Qd7 25. h3 f5 26. Be5
g4 27. Qg3 h5 28. Qh2 h4 29. g3 hxg3 30. Qxg3 Qe6 31. Kh2 Qg6 32. Rg1 Bf6
33. hxg4 fxg4 34. Qxg4 Bxe5+ 35. dxe5 Rxf2+ 36. Kh3 Qxg4+ 37. Rxg4+ Kf7 38.
b3 Rf3+ 39. Kg2 Rf5 40. bxc4 dxc4 41. Rgxc4 Rg8+ 42. Kh3 Rxe5 43. Rg4 Rh5+
44. Kg3 Rxg4+ 45. Kxg4 Ra5 46. e4 Kf6 47. Kf4 Ke6 48. Rd3 b5 49. Rb3 a6 50.
Rd3 Ra4 { Game drawn by mutual agreement } 1/2-1/2

[Event "ICC tourney 2601 (40 5)"]
[Site "Internet Chess Club"]
[Date "2021.06.13"]
[Round "5"]
[White "ZOU, ANDREW:K01-30100762"]
[Black "KASHYAP, MANISHB:K01-16792955"]
[Result "0-1"]
[ICCResult "White resigns"]
[WhiteElo "1301"]
[BlackElo "1057"]
[Opening "Sicilian"]
[ECO "B56"]
[NIC "SI.25"]
[Time "14:00:29"]
[PlyCount "94"]
[TimeControl "2400+5"]

1. e4 c5 2. Nf3 d6 3. d4 cxd4 4. Nxd4 Nf6 5. Nc3 Nc6 6. Bb5 Bd7 7. O-O g6
8. Be3 Bg7 9. f3 O-O 10. Qd2 Rc8 11. Nxc6 bxc6 12. Bc4 Qc7 13. Rad1 Rfd8
14. Qf2 e6 15. b4 Rb8 16. a3 a5 17. Rb1 axb4 18. axb4 d5 19. Bd3 e5 20.
exd5 cxd5 21. Bc5 Be6 22. Nb5 Qd7 23. Bd6 Rxb5 24. Bxb5 Qxd6 25. Qc5 Qxc5+
26. bxc5 Rc8 27. c6 Ne8 28. Ba4 Nc7 29. Rb7 Kf8 30. Rfb1 Ke7 31. Rb8 Kd6
32. Rxc8 Bxc8 33. Rb8 Be6 34. Kf2 f5 35. Ke2 e4 36. fxe4 fxe4 37. h3 d4 38.
Kd1 Bf6 39. Rb7 e3 40. Bb3 Bxb3 41. Rxb3 Kxc6 42. g3 Nd5 43. Rd3 Nc3+ 44.
Ke1 Kd5 45. Kf1 Be5 46. Kg2 Ke4 47. h4 h5 { White resigns } 0-1

[Event "ICC tourney 2601 (40 5)"]
[Site "Internet Chess Club"]
[Date "2021.06.13"]
[Round "5"]
[White "DEBMISRA, ARIV:K01-17314200"]
[Black "QU, BRIAN:K01-30017435"]
[Result "1-0"]
[ICCResult "Black checkmated"]
[WhiteElo "308"]
[BlackElo "1482"]
[Opening "QGD: 4.Nf3"]
[ECO "D37"]
[NIC "QO.16"]
[Time "14:00:23"]
[PlyCount "77"]
[TimeControl "2400+5"]

1. d4 d5 2. c4 e6 3. Nc3 Nf6 4. Nf3 Nc6 5. e3 dxc4 6. Bxc4 Bd6 7. O-O O-O
8. e4 e5 9. Bg5 h6 10. Bh4 Nxd4 11. Nxd4 exd4 12. Nd5 g5 13. Nxf6+ Qxf6 14.
Bg3 Re8 15. Qd3 Be6 16. Bb5 Re7 17. Ba4 Qg6 18. Bc2 Rae8 19. Qd2 Bxg3 20.
fxg3 c5 21. e5 Qg7 22. Rf6 Bd5 23. Raf1 Rxe5 24. Bd1 Bc4 25. Bg4 Bxf1 26.
Rxf1 Qg6 27. Qd1 Qe4 28. Bh5 Qe3+ 29. Kh1 R8e7 30. Qg4 Qe1 31. Rg1 f5 32.
Qf3 Re3 33. Qd5+ Kg7 34. Qxf5 Qd2 35. Qg6+ Kf8 36. Rf1+ Qf2 37. Rxf2+ Rf3
38. Rxf3+ Rf7 39. Qxf7# { Black checkmated } 1-0

[Event "ICC tourney 2601 (40 5)"]
[Site "Internet Chess Club"]
[Date "2021.06.13"]
[Round "5"]
[White "WU, WINSTON:K01-30022609"]
[Black "EMERSON COYLE, DELILAH M:K01-16984051"]
[Result "0-1"]
[ICCResult "White checkmated"]
[WhiteElo "1214"]
[BlackElo "943"]
[Opening "Giuoco Piano"]
[ECO "C54"]
[NIC "IG.02"]
[Time "14:00:49"]
[PlyCount "100"]
[TimeControl "2400+5"]

1. e4 e5 2. Nf3 Nc6 3. Bc4 Bc5 4. c3 Nf6 5. d3 d5 6. exd5 Nxd5 7. O-O O-O
8. h3 Be6 9. Re1 Qf6 10. Nbd2 Qg6 11. Ne4 Bb6 12. Ng3 Qxg3 13. d4 Qg6 14.
Bd3 Qh5 15. Re4 f5 16. Rh4 Qg6 17. Be2 f4 18. c4 Nf6 19. d5 e4 20. dxe6
exf3 21. Bxf3 Ne4 22. Bxe4 Qxe4 23. b3 Bd4 24. Ba3 Bxa1 25. Bxf8 Rxf8 26.
Qxa1 Qxe6 27. Rg4 Qe5 28. Qb1 f3 29. Rh4 h6 30. g3 Nd4 31. Re4 Ne2+ 32. Kh2
Qc5 33. Re3 Qc6 34. Qd1 Re8 35. Qd5+ Qxd5 36. Rxe8+ Kf7 37. cxd5 Kxe8 38.
h4 Kd7 39. g4 Kd6 40. h5 Kxd5 41. b4 c5 42. g5 c4 43. gxh6 gxh6 44. b5 c3
45. b6 axb6 46. a4 c2 47. a5 c1=Q 48. axb6 Qg1+ 49. Kh3 Nf4+ 50. Kh4 Qg5# {
White checkmated } 0-1

[Event "ICC tourney 2601 (40 5)"]
[Site "Internet Chess Club"]
[Date "2021.06.13"]
[Round "6"]
[White "DANCIG PERLMAN, GOGO:K01-17151222"]
[Black "MA, JULIAN:K01-30017413"]
[Result "1-0"]
[ICCResult "Black checkmated"]
[WhiteElo "875"]
[BlackElo "1236"]
[Opening "Giuoco Piano"]
[ECO "C50"]
[NIC "IG.02"]
[Time "17:00:14"]
[PlyCount "37"]
[TimeControl "2400+5"]

1. e4 e5 2. Bc4 Bc5 3. Nf3 Nc6 4. O-O d6 5. c3 Bg4 6. b4 Bb6 7. d3 Nd4 8.
cxd4 Bxd4 9. Nc3 Bxc3 10. Rb1 Nf6 11. Bxf7+ Ke7 12. Qb3 Bd4 13. Nxd4 exd4
14. f3 Bd7 15. e5 dxe5 16. Re1 Kd6 17. f4 exf4 18. Qc4 Bc6 19. Qe6# { Black
checkmated } 1-0

[Event "ICC tourney 2601 (40 5)"]
[Site "Internet Chess Club"]
[Date "2021.06.13"]
[Round "6"]
[White "TENDULKAR, OJAS:K01-16963734"]
[Black "WENG, JOHNSON:K01-30136161"]
[Result "1-0"]
[ICCResult "Black checkmated"]
[WhiteElo "1421"]
[BlackElo "736"]
[Opening "English: four knights, kingside fianchetto"]
[ECO "A29"]
[NIC "EO.04"]
[Time "17:00:13"]
[PlyCount "107"]
[TimeControl "2400+5"]

1. c4 e5 2. Nc3 Nc6 3. Nf3 Nf6 4. g3 g6 5. Bg2 Bg7 6. O-O O-O 7. e3 d6 8.
d4 e4 9. Ng5 Nh5 10. Ngxe4 f5 11. Nd2 Be6 12. d5 Bxd5 13. cxd5 Ne5 14. Nf3
Nc4 15. Qb3 Nb6 16. Nb5 a6 17. Nbd4 Nf6 18. Ne6 Qe7 19. Nxf8 Rxf8 20. Rd1
Kh8 21. Nd4 Ne4 22. Ne6 Re8 23. Bxe4 fxe4 24. Bd2 Qf7 25. Bc3 Bxc3 26.
Qxc3+ Kg8 27. Qxc7 Rxe6 28. Qxb6 Rf6 29. Rf1 Qxd5 30. Rad1 Qf5 31. Rxd6
Rxd6 32. Qxd6 Qf7 33. Qe5 Qd7 34. Qxe4 Qf7 35. Rd1 Qf8 36. Qe6+ Kg7 37.
Rd7+ Kh6 38. Qh3+ Kg5 39. Qh4+ Kf5 40. Qf4+ Ke6 41. Qxf8 Kxd7 42. Qg7+ Kc6
43. Qxh7 Kc5 44. Qxg6 Kc4 45. h4 Kc5 46. h5 Kc4 47. h6 Kc5 48. h7 Kc4 49.
h8=Q Kc5 50. Qd4+ Kb5 51. Qf5+ Kc6 52. Qdf6+ Kc7 53. Qh7+ Kc8 54. Qfh8# {
Black checkmated } 1-0